 Dungeon Crawl Stone Soup version 0.28.0-53-g5a82cb258f (webtiles) character file.

Game seed: 16125042612870251211

126 issech the Chopper (level 4, 0/41 HPs)
             Began as a Minotaur Monk on June 17, 2022.
             Succumbed to an adder's poison
             ... on level 1 of the Dungeon.
             The game lasted 00:04:47 (1751 turns).

issech the Chopper (Minotaur Monk)                  Turns: 1751, Time: 00:04:48

Health: 0/41       AC:  6    Str: 15    XL:     4   Next: 84%
Magic:  3/3        EV: 10    Int:  7    God:
Gold:   34         SH:  0    Dex: 15    Spells: 3/3 levels left

rFire   . . .      SeeInvis .   a - +0 hand axe
rCold   . . .      Faith    .   (no shield)
rNeg    . . .      Spirit   .   h - +0 scale mail
rPois   .          Reflect  .   (helmet restricted)
rElec   .          Harm     .   (no cloak)
rCorr   .          Rampage  .   (no gloves)
Will    .....                   (no boots)
Stlth   +.........              (no amulet)
HPRegen 0.13/turn               (no ring)
MPRegen 0.08/turn               (no ring)

@: lethally poisoned (0 -> -1)
A: horns 2, retaliatory headbutt
a: no special abilities


You were on level 1 of the Dungeon.
You visited 1 branch of the dungeon, and saw 2 of its levels.

You collected 34 gold pieces.

Inventory:

Hand Weapons
 a - a +0 hand axe (weapon)
Missiles
 d - 24 bolts
 f - 73 stones (quivered)
 g - 6 arrows
 i - 13 sling bullets
Armour
 b - a +0 robe
 h - a +0 scale mail (worn)
Magical Staves
 j - a staff of poison
Scrolls
 e - 2 scrolls of amnesia {unknown}
 k - a scroll of vulnerability {unknown}
 l - a scroll of identify {unknown}
Potions
 c - a potion of haste {unknown}


   Skills:
 + Level 4.6 Fighting
 + Level 5.0 Axes
 + Level 2.0 Armour
 + Level 3.7 Dodging
 + Level 2.0 Stealth


You had 3 spell levels left.
You didn't know any spells.
Your spell library was empty.

Dungeon Overview and Level Annotations

Branches:
Dungeon (2/15)

Altars:

Annotations:
D:2 Sigmund


Innate Abilities, Weirdness & Mutations

You have a pair of horns on your head.
You reflexively headbutt those who attack you in melee.


Message History

* * * LOW HITPOINT WARNING * * *
Your Armour skill increases to level 2!
The adder bites you.
* * * LOW HITPOINT WARNING * * *
The adder closely misses you.
You hit the adder. Your headbutt misses the adder.
The adder is almost dead.
You barely miss the gnoll. The adder bites you.
* * * LOW HITPOINT WARNING * * *
The gnoll misses you. The adder bites you.
* * * LOW HITPOINT WARNING * * *
You are poisoned.
The adder poisons you!
You feel sick.
You feel sick.
You feel sick. The adder bites you but does no damage.
You feel sick.
You hit the adder but do no damage.
The adder is almost dead.
You closely miss the gnoll.
You feel sick.
You are no longer poisoned.
The adder closely misses you. The gnoll closely misses you.
The adder bites you but does no damage. The adder bites you but does no damage.
There is a stone staircase leading up here.
The adder bites you.
* * * LOW HITPOINT WARNING * * *
You are lethally poisoned!
The adder poisons you! The adder closely misses you.
You climb upwards.
* * * LOW HITPOINT WARNING * * *
You feel sick.
There is a stone staircase leading down here.
You hit the adder.
You kill the adder!
* * * LOW HITPOINT WARNING * * *
You feel sick.
Your Axes skill increases to level 5!
You die...

# #.# #).....#....... ##
#.###......#.###### .##
###########..........#....... ..#
#.........#####.##.#.######## ..#
#..##...........##.#......... #.#
#..#.........#####.###.###.## #.#
#..#...##.##.# ##'##..# #... #.#
#......##.##># ##.....## #### #.#
##...†....##@###.....## ## #.#
###.###.###.##.....>.## ##.
#.######.##..>##.#.......÷.####..
.................'.........'..)..
..#########...####.........####..
### ##.### ##.......## #.. #...#
##.....## #.# ###.# ##...## #.#
#.# ##+## #..


There were no monsters in sight!

Vanquished Creatures
  A water moccasin skeleton (D:2)
  An adder (D:1)
  2 gnolls (D:2)
  8 bats
  4 endoplasms
  4 giant cockroaches
  5 goblins
  A hobgoblin (D:1)
  3 jackals (D:2)
  4 kobolds (D:1)
  2 quokkas (D:1)
  7 ball pythons
  A frilled lizard (D:1)
  5 rats
48 creatures vanquished.

Vanquished Creatures (others)
  8 demonic plants (D:1)
  3 fungi (D:1)
  7 withered plants (D:1)
18 creatures vanquished.

Grand Total: 66 creatures vanquished

Notes
Turn   | Place    | Note
-------+----------+-------------------------------------------
     0 | D:1      | issech the Minotaur Monk began the quest for the Orb.
     0 | D:1      | Reached XP level 1. HP: 19/19 MP: 0/0
   233 | D:1      | Found a faded altar of an unknown god.
   399 | D:1      | Reached XP level 2. HP: 27/27 MP: 1/1
   762 | D:1      | Reached skill level 4 in Axes
  1232 | D:1      | Reached XP level 3. HP: 33/33 MP: 2/2
  1547 | D:2      | Noticed Sigmund
  1668 | D:2      | Reached skill level 1 in Armour
  1668 | D:2      | Reached XP level 4. HP: 37/41 MP: 3/3
  1749 | D:1      | HP: 2/41 [poisoned by an adder]
  1751 | D:1      | Reached skill level 5 in Axes
  1751 | D:1      | Succumbed to an adder's poison

Illustrated notes

Levels and vault maps discovered:
D:1:      nzn_arrival_settlement, layout_loops_corners,
          shapermc_ecumenical_altar_gd, hangedman_decor_growths,
          nrook_mini_vaults, minivault_27, roderic_lattice_a, minmay_octomino_j4
D:2:      layout_basic, uniq_sigmund

Skill      XL: |  1  2  3  4 |
---------------+-------------+-----
Fighting       | 4 |  4.6
Axes           | 4 5 |  5.0
Stealth        | 2 |  2.0
Armour         | 1 2 |  2.0
Dodging        | |  3.7

Action                   |  1- 3 |  4- 6 || total
-------------------------+-------+-------++-------
Melee: Hand axe          |   101 |     9 ||   110
       Headbutt          |    19 |       ||    19
       Punch             |     1 |       ||     1
 Stab: Sleeping          |     2 |       ||     2
Armor: Robe              |    20 |       ||    20
       Scale mail        |    34 |     6 ||    40
Dodge: Dodged            |    81 |     9 ||    90
